AoeStats
← cmd

Arabia

509141374Analyzed
2v2 RM · 6d ago on Sep 25, 2026· 42m 48s· 4 players
Game mode
Random Map
Map size
Medium (4 player)
Population
200
Speed
Normal
Resources
Standard
Victory
Conquest
Starting age
Dark Age
Ending age
Imperial Age
RankedLock teamsTeams togetherTeam positionsShared explorationLock speedFull tech treeHidden civsTurbo modeCheats
Victory
Defeat
🇯🇵 Cumans · Japan
1000
+14
🇪🇸 Britons · Spain
961
+15
🇩🇪 Japanese · Germany
970
-16
🇩🇪 Mongols · Germany
919
-13
Walter2000
5:20 Loom
8:57 Feudal Age
11:05 Double-Bit Axe
16:05 Horse Collar
20:29 Castle Age
19:26 Wheelbarrow
20:20 Fletching
20:31 Padded Archer Armor
21:30 Bow Saw
21:25 Heavy Plow
21:58 Bodkin Arrow
24:12 Gold Mining
25:31 Steppe Husbandry
26:20 Leather Archer Armor
26:45 Thumb Ring
27:24 Bloodlines
28:06 Hand Cart
27:37 Town Watch
28:48 Ballistics
35:34 Imperial Age
34:06 Gold Shaft Mining
33:26 Stone Mining
36:59 Ring Archer Armor
37:30 Chemistry
36:53 Conscription
36:35 Cuman Mercenaries
35:56 Elite Kipchak
36:21 Light Cavalry
38:40 Parthian Tactics
38:27 Forging
38:22 Scale Barding Armor
39:42 Crop Rotation
40:16 Two-Man Saw
38:54 Hussar
40:50 Iron Casting
41:01 Chain Barding Armor
42:34 Blast Furnace
42:59 Plate Barding Armor
TheDafey
8:27 Loom
12:51 Feudal Age
14:55 Padded Archer Armor
14:45 Fletching
14:58 Padded Archer Armor
22:53 Castle Age
23:34 Bodkin Arrow
23:55 Leather Archer Armor
23:23 Crossbowman
25:21 Ballistics
28:35 Pikeman
29:16 Squires
31:24 Gold Mining
34:40 Gold Shaft Mining
36:11 Scale Mail Armor
36:22 Forging
43:33 Imperial Age
40:49 Elite Skirmisher
helo
7:26 Loom
9:41 Feudal Age
10:00 Man-at-Arms
21:03 Castle Age
20:43 Gold Mining
20:39 Double-Bit Axe
22:17 Crossbowman
22:34 Long Swordsman
23:01 Gambesons
23:16 Squires
24:26 Wheelbarrow
26:07 Bow Saw
34:19 Imperial Age
32:47 Ballistics
32:23 Fletching
32:33 Padded Archer Armor
32:44 Horse Collar
33:17 Thumb Ring
39:03 Imperial Age
37:42 Elite Skirmisher
38:22 Bodkin Arrow
38:43 Leather Archer Armor
38:56 Murder Holes
39:29 Arbalester
42:30 Gold Shaft Mining
cmd
7:58 Loom
9:48 Feudal Age
11:02 Double-Bit Axe
18:10 Horse Collar
18:58 Gold Mining
22:42 Castle Age
26:03 Bow Saw
27:02 Elite Skirmisher
32:10 Thumb Ring
32:12 Fletching
32:23 Padded Archer Armor
33:39 Wheelbarrow
33:16 Bodkin Arrow
39:34 Imperial Age
Connection lost

Rejoining the realm…

Still unreachable

The connection could not be restored.

Session expired

The server has moved on; the page needs a fresh start.